Map: Ice and Chrome LE

Players

liquidthermy (uThermal)

  • Race: Terran Terran
  • Spawn Location: 7:00

LiquidClem (Clem) - Winner!

  • Race: Terran Terran
  • League: Master
  • Spawn Location: 1:00

Event: DreamHack SC2 Masters 2020 Summer Europe

VOD

Have the link to the VOD?

Description

Time

  • Played on: July 10, 2020, 12:42 p.m.
  • Length: 24:32

All games in this series

Show
View Real Time Build Order
Export as new Build Order

liquidthermy Terran 

Build Orders: Mech 

Get SALT Encoding   

  12  0:01  SCV  
  13  0:13  SCV  
  14  0:17  Supply Depot  
  14  0:25  SCV  
  14  0:27  Refinery  
  15  0:39  SCV  
  16  0:44  Barracks  
  16  0:51  SCV  
  16  0:54  Refinery  
  17  1:03  SCV  
  18  1:15  SCV  
  19  1:31  Reaper, Orbital Command  
  20  1:36  Factory  
  20  1:45  Supply Depot  
  20  1:57  SCV  
  21  2:03  Reaper  
  22  2:09  SCV  
  23  2:20  Hellion  
  23  2:21  SCV  
  26  2:31  Command Center  
  26  2:33  SCV  
  27  2:37  Barracks Reactor  
  27  2:42  Factory Tech Lab  
  26  2:45  SCV, Supply Depot  
  27  2:57  SCV  
  28  3:00  Cyclone  
  31  3:09  SCV  
  31  3:10  Starport  
  32  3:13  Marine  
  32  3:14  Marine  
  34  3:21  SCV  
  35  3:34  Marine  
  34  3:36  Marine  
  34  3:38  SCV  
  36  3:48  Refinery  
  36  3:50  SCV, Orbital Command, Factory Tech Lab  
  36  3:53  Raven, Marine  
  36  3:54  Marine  
  41  4:02  SCV  
  42  4:11  Siege Tank  
  42  4:14  SCV  
  42  4:16  SCV  
  47  4:26  Command Center  
  47  4:27  SCV  
  48  4:31  Supply Depot  
  48  4:36  Raven  
  48  4:37  Marine x2  
  52  4:40  SCV  
  52  4:41  SCV  
  54  4:45  Refinery  
  54  4:51  Supply Depot  
  53  4:54  Siege Tank  
  53  4:56  SCV  
  53  4:58  SCV  
  58  5:00  Marine  
  58  5:01  Marine  
  60  5:08  SCV, Supply Depot  
  60  5:11  SCV  
  62  5:18  Marine  
  62  5:19  Raven, Marine  
  62  5:20  SCV  
  67  5:26  Siege Tank  
  70  5:29  SCV  
  70  5:32  SCV  
  69  5:37  Supply Depot, Marine x2  
  69  5:41  SCV  
  69  5:42  Orbital Command  
  72  5:44  SCV  
  73  5:54  SCV  
  73  5:56  SCV  
  75  5:58  Siege Tank  
  78  6:06  SCV  
  78  6:09  SCV, Viking x2  
  78  6:10  SCV  
  85  6:18  SCV  
  86  6:22  Factory  
  86  6:23  SCV, Factory  
  86  6:27  Barracks Reactor, Orbital Command  
  79  6:35  Siege Tank  
  79  6:37  SCV  
  79  6:40  SCV  
  79  6:42  Viking  
  76  6:50  SCV  
  76  6:52  SCV  
  76  6:55  SCV  
  75  7:02  SCV  
  75  7:04  SCV  
  75  7:07  Siege Tank  
  74  7:08  SCV  
  74  7:14  SCV  
  72  7:21  SCV  
  72  7:22  SCV  
  66  7:26  SCV  
  66  7:28  Viking  
  68  7:32  Viking  
  68  7:33  SCV  
  68  7:36  Siege Tank  
  71  7:38  SCV x2  
  73  7:45  SCV  
  73  7:47  Refinery  
  73  7:49  Refinery  
  73  7:50  SCV x2  
  76  7:54  Siege Tank  
  76  7:57  SCV  
  76  7:58  Viking  
  82  8:02  SCV, Supply Depot  
  83  8:07  Viking  
  83  8:08  SCV, Hellion  
  83  8:10  SCV  
  89  8:17  Hellion  
  89  8:19  SCV  
  92  8:22  Engineering Bay  
  92  8:24  SCV  
  96  8:27  Siege Tank  
  96  8:29  Viking  
  96  8:31  Supply Depot  
  96  8:32  SCV  
  96  8:33  SCV  
  98  8:36  Supply Depot  
  98  8:37  SCV  
  97  8:41  Siege Tank  
  97  8:44  SCV  
  97  8:45  Hellion  
  97  8:48  Hellion  
  105  8:52  Sensor Tower  
  105  8:55  Supply Depot  
  105  8:59  SCV  
  105  9:00  SCV, Missile Turret  
  105  9:01  Missile Turret  
  107  9:04  Siege Tank  
  107  9:08  SCV  
  111  9:12  SCV  
  112  9:17  Armory x2, Hellion, SCV  
  115  9:25  SCV, Missile Turret  
  115  9:26  Missile Turret  
  115  9:29  Hellion  
  115  9:30  SCV  
  119  9:33  Viking  
  119  9:34  Viking  
  119  9:38  SCV, Supply Depot  
  124  9:42  Siege Tank  
  124  9:43  Siege Tank  
  124  9:45  Hellion  
  132  9:58  Supply Depot, Infernal Pre-Igniter  
  130  10:00  Command Center  
  130  10:05  Supply Depot  
  130  10:06  Terran Vehicle Weapons Level 1, Terran Vehicle And Ship Armor Level 1  
  130  10:13  Hellion, Supply Depot  
  136  10:15  Siege Tank  
  136  10:19  Siege Tank  
  142  10:26  Factory x2  
  142  10:27  Supply Depot  
  142  10:32  Supply Depot  
  142  10:33  Medivac x2  
  142  10:35  Hellion  
  144  10:45  Missile Turret x2  
  144  10:46  Missile Turret  
  144  10:47  Missile Turret  
  144  10:48  Missile Turret, Siege Tank  
  147  10:50  Missile Turret  
  147  10:51  Siege Tank  
  149  11:03  Liberator x2  
  151  11:04  Supply Depot, Hellion  
  151  11:05  Hellion  
  151  11:06  Supply Depot  
  154  11:11  Hellion  
  154  11:17  Hellion  
  148  11:20  Hellion  
  148  11:22  SCV  
  148  11:24  Siege Tank  
  154  11:26  Hellion  
  154  11:30  SCV  
  157  11:36  Factory Tech Lab  
  157  11:38  Factory Reactor  
  159  11:40  Hellion  
  159  11:41  SCV  
  159  11:46  Medivac x2  
  163  11:52  Hellion, Siege Tank  
  168  11:55  Siege Tank  
  168  11:56  Hellion  
  175  12:01  Hellion  
  175  12:06  Terran Vehicle Weapons Level 2  
  175  12:13  SCV  
  175  12:14  Hellion  
  178  12:17  Hellion  
  178  12:24  Hellion, Siege Tank  
  178  12:27  Hellion, Siege Tank  
  180  12:30  Hellion  
  180  12:33  Hellion x8  
  180  12:35  Hellion  
  178  12:43  Siege Tank  
  178  12:45  Hellion  
  180  13:06  Hellion  
  180  13:07  SCV x2  
  180  13:11  Refinery  
  180  13:13  Hellion, Refinery  
  180  13:29  SCV, Hellion, Siege Tank  
  180  13:30  Hellion x2, Siege Tank  
  180  13:32  Hellion  
  178  13:34  Hellion  
  165  13:44  Viking  
  159  13:50  Hellion  
  145  13:55  SCV  
  145  13:56  SCV  
  145  14:00  Viking  
  145  14:01  Siege Tank  
  145  14:02  Factory Tech Lab, Siege Tank  
  148  14:03  Hellion x2, Terran Vehicle And Ship Armor Level 2  
  148  14:04  SCV  
  148  14:07  Hellion x3  
  140  14:15  Viking, Hellion  
  140  14:16  SCV x2  
  143  14:17  Hellion  
  143  14:19  SCV  
  143  14:22  Engineering Bay  
  144  14:25  Terran Vehicle Weapons Level 3  
  144  14:28  SCV  
  145  14:31  Smart Servos  
  145  14:33  Thor  
  145  14:34  Viking  
  145  14:35  Hellion x2  
  153  14:44  Thor  
  159  14:49  SCV  
  159  14:52  Hellion x2  
  162  14:54  Viking  
  158  15:01  Hellion  
  158  15:04  Planetary Fortress  
  158  15:05  Missile Turret  
  155  15:08  Missile Turret  
  155  15:12  Thor  
  156  15:15  Viking  
  155  15:24  Viking  
  149  15:36  Thor  
  145  15:45  Viking  
  145  15:46  Thor  
  145  15:47  Hellion  
  151  15:53  Missile Turret  
  151  15:54  Viking  
  153  15:57  Siege Tank  
  153  15:58  Hellion  
  158  16:09  Hellion  
  158  16:15  Viking, Refinery  
  152  16:19  Hellion x3  
  152  16:24  Viking  
  152  16:25  Terran Ship Weapons Level 1  
  160  16:30  Thor  
  165  16:37  Supply Depot  
  165  16:38  Supply Depot  
  164  16:45  Viking, Missile Turret  
  164  16:46  Missile Turret x2  
  166  16:53  Siege Tank  
  172  16:55  Hellion  
  174  17:04  Command Center  
  171  17:10  Terran Vehicle And Ship Armor Level 3  
  171  17:15  Siege Tank  
  174  17:18  Siege Tank  
  177  17:25  Siege Tank  
  177  17:29  Hellion  
  176  17:34  Viking  
  178  17:38  Viking  
  176  17:44  Orbital Command  
  176  17:47  Hellion, Siege Tank  
  176  17:50  Siege Tank  
  184  17:56  Drilling Claws  
  184  18:04  Viking  
  186  18:08  Viking  
  188  18:19  Thor  
  186  18:20  Hellion x2  
  186  18:22  SCV  
  189  18:28  Thor  
  195  18:34  Viking  
  195  18:38  Viking  
  197  18:48  Refinery  
  197  18:49  Refinery  
  192  18:58  Thor  
  192  19:02  Thor  
  192  19:04  Viking  
  192  19:07  Hellion  
  192  19:08  Viking  
  188  19:10  Hellion  
  188  19:11  SCV, Siege Tank  
  188  19:15  SCV x2  
  192  19:21  Hellion  
  195  19:25  Hellion  
  195  19:28  SCV x2  
  198  19:31  Orbital Command  
  198  19:39  Missile Turret  
  198  19:47  Hellion  
  198  19:48  SCV x2  
  183  20:24  Hellion, Siege Tank  
  183  20:25  Hellion, Siege Tank  
  183  20:27  Hellion, Siege Tank  
  190  20:28  Hellion  
  190  20:34  Viking x2  
  188  20:40  SCV  
  188  20:43  Hellion x2  
  188  20:46  Hellion x2  
  194  20:50  Hellion  
  194  20:51  SCV  
  194  20:52  Hellion  
  194  20:56  Siege Tank  
  198  20:59  Siege Tank  
  198  21:02  Hellion  
  198  21:07  Hellion  
  187  21:26  Viking x2  
  187  21:28  Siege Tank  
  187  21:33  Supply Depot  
  187  21:36  Hellion  
  187  21:43  Hellion  
  187  21:44  Hellion  
  187  21:50  Hellion  
  188  21:56  Viking  
  187  22:01  SCV  
  188  22:10  Viking  
  190  22:17  SCV  
  191  22:26  Viking  
  193  22:32  Orbital Command  
  191  22:51  Widow Mine x2  
  131  22:53  Widow Mine x4  
  118  23:11  SCV  
  118  23:12  Widow Mine x2  
  123  23:15  Widow Mine  
  123  23:17  SCV  
  123  23:18  SCV  
  127  23:23  SCV  
  127  23:25  Widow Mine x2  
  130  23:29  SCV  
  131  23:36  Widow Mine  
  131  23:39  SCV  
  134  23:45  SCV, Widow Mine x2  
  134  23:47  SCV  
  140  23:51  SCV  
  140  23:53  Widow Mine  
  139  23:57  SCV  
Show
View Real Time Build Order
Export as new Build Order

LiquidClem Terran - Winner!

Build Orders:  

Get SALT Encoding   

  12  0:01  SCV  
  13  0:13  SCV  
  14  0:17  Supply Depot  
  14  0:25  SCV  
  15  0:29  Refinery  
  15  0:38  SCV  
  16  0:44  Barracks  
  16  0:50  SCV  
  16  0:55  Refinery  
  17  1:02  SCV  
  18  1:15  SCV  
  19  1:31  Reaper, Orbital Command  
  20  1:35  Factory  
  20  1:44  Supply Depot  
  20  1:57  SCV  
  21  2:03  Reaper  
  22  2:09  SCV  
  23  2:21  Hellion  
  25  2:27  Command Center  
  25  2:29  SCV  
  26  2:37  Reaper  
  26  2:39  Supply Depot  
  26  2:43  Hellion  
  29  2:47  SCV  
  30  2:54  Starport  
  30  3:00  SCV  
  30  3:05  Factory Tech Lab  
  31  3:09  Barracks Tech Lab  
  31  3:12  SCV  
  32  3:24  SCV  
  32  3:25  Cyclone  
  36  3:33  Refinery  
  36  3:39  SCV  
  36  3:40  Orbital Command  
  35  3:47  Raven  
  37  3:51  SCV  
  38  4:00  Cyclone  
  41  4:03  SCV  
  41  4:05  SCV  
  43  4:12  Command Center  
  43  4:13  Barracks Reactor  
  43  4:16  SCV  
  44  4:18  SCV  
  45  4:29  SCV  
  45  4:30  SCV  
  47  4:32  Raven  
  49  4:40  Supply Depot  
  49  4:41  SCV  
  49  4:43  Barracks  
  50  4:46  Barracks  
  50  4:48  SCV  
  50  4:50  Siege Tank  
  54  4:54  SCV  
  54  4:55  Supply Depot  
  54  5:01  SCV, Marine x2  
  57  5:08  SCV  
  57  5:13  SCV  
  59  5:16  Supply Depot  
  59  5:20  SCV  
  60  5:22  Siege Tank  
  60  5:24  Orbital Command  
  60  5:25  SCV  
  60  5:27  Starport Reactor  
  64  5:32  SCV  
  64  5:33  Stimpack, Marine  
  64  5:35  Barracks Reactor  
  66  5:37  SCV  
  66  5:41  Marine x2  
  69  5:44  SCV  
  69  5:49  SCV  
  71  5:51  Orbital Command  
  71  5:54  Engineering Bay  
  71  5:56  SCV, Engineering Bay  
  72  5:58  Siege Tank  
  72  5:59  Marine  
  72  6:02  SCV, Supply Depot  
  77  6:07  Marine x2  
  77  6:08  SCV  
  77  6:11  Refinery  
  80  6:12  Marine x2  
  80  6:14  SCV  
  80  6:15  Medivac  
  80  6:18  Medivac  
  87  6:23  Marauder  
  87  6:24  SCV  
  89  6:25  SCV  
  89  6:26  Marine  
  89  6:28  SCV  
  89  6:35  Marine x2  
  89  6:36  SCV  
  89  6:37  Siege Tank  
  95  6:40  Supply Depot  
  95  6:42  SCV x2  
  95  6:46  Marauder, Marine  
  98  6:58  Marine  
  98  6:59  SCV, Marine  
  98  7:00  Marine  
  86  7:01  SCV  
  86  7:03  Marine  
  86  7:07  Marauder  
  81  7:09  Siege Tank  
  81  7:12  SCV  
  81  7:15  SCV  
  86  7:16  Marine  
  86  7:21  Medivac, Marine  
  86  7:22  SCV  
  81  7:26  Supply Depot  
  81  7:29  Barracks  
  81  7:32  Marine x2, Barracks  
  81  7:34  Marauder  
  81  7:36  SCV x2  
  87  7:38  SCV  
  87  7:41  Medivac  
  87  7:42  Terran Infantry Weapons Level 1  
  87  7:43  Supply Depot  
  90  7:44  Terran Infantry Armor Level 1  
  90  7:48  SCV  
  90  7:49  Marine x2  
  93  7:52  Siege Tank  
  93  7:56  Refinery  
  93  7:57  Supply Depot, Marine x2  
  98  7:59  Combat Shield, Refinery  
  98  8:01  SCV x2  
  98  8:02  SCV  
  98  8:05  Marauder  
  103  8:09  Marine x2  
  103  8:12  Supply Depot  
  104  8:13  SCV x2  
  104  8:16  SCV  
  107  8:21  Barracks Tech Lab  
  107  8:22  Barracks Reactor, Marine  
  107  8:23  Supply Depot, Marine  
  107  8:25  SCV  
  107  8:26  Marauder  
  112  8:29  Siege Tank  
  112  8:34  Command Center, Marine x2  
  116  8:39  Concussive Shells  
  116  8:41  Marauder  
  119  8:42  Marine  
  119  8:43  Marine  
  119  8:48  Marauder  
  123  8:51  Missile Turret  
  123  8:52  Missile Turret  
  123  8:54  Missile Turret  
  123  8:55  Marine x2  
  125  9:03  Barracks x3, Siege Tank  
  125  9:06  Armory  
  125  9:08  SCV  
  125  9:09  SCV  
  130  9:13  Marine x2  
  130  9:15  Marauder  
  134  9:19  Marauder  
  134  9:20  Marine x2  
  134  9:21  SCV  
  134  9:23  SCV  
  134  9:24  Supply Depot  
  140  9:25  SCV, Barracks Tech Lab  
  141  9:32  Marine x2  
  141  9:35  Marine  
  141  9:37  Supply Depot  
  141  9:38  Supply Depot  
  144  9:39  Medivac, Siege Tank  
  144  9:45  Medivac  
  155  9:46  Supply Depot, Marauder x2  
  155  9:47  Marine x2  
  155  9:49  SCV x2  
  155  9:50  Marine  
  160  9:57  Marine  
  160  9:58  Barracks Tech Lab x2  
  158  10:00  Marauder  
  158  10:01  Terran Infantry Weapons Level 2  
  158  10:03  SCV  
  158  10:04  Terran Infantry Armor Level 2  
  158  10:06  SCV  
  164  10:07  Marauder  
  164  10:10  Orbital Command  
  164  10:13  Refinery  
  164  10:14  Refinery  
  164  10:16  Marauder x2  
  164  10:20  Siege Tank  
  171  10:23  Marauder x2  
  171  10:24  SCV  
  178  10:28  Marauder  
  178  10:29  SCV  
  178  10:30  Supply Depot  
  178  10:33  Medivac x2  
  183  10:37  Terran Vehicle Weapons Level 1, Marauder  
  183  10:38  Supply Depot  
  183  10:39  Marauder  
  183  10:42  SCV x2  
  189  10:45  Marauder  
  189  10:46  SCV  
  189  10:47  SCV  
  189  10:48  Command Center  
  193  10:56  SCV, Marauder x2  
  198  11:07  Command Center  
  198  11:09  SCV x2  
  200  11:13  Command Center  
  185  11:19  Viking x2  
  185  11:20  Siege Tank  
  185  11:23  Marauder x2, Marine x2  
  198  11:34  Starport  
  198  11:35  Armory, Starport  
  198  11:36  Missile Turret  
  198  11:37  SCV x2  
  200  11:59  Viking x2  
  200  12:00  Siege Tank  
  200  12:01  Marauder x2, Marine  
  199  12:06  Marine  
  200  12:08  Command Center  
  180  12:23  Marine  
  180  12:24  Marauder x2, Marine x2  
  180  12:26  Viking x2  
  180  12:28  Marine x2  
  180  12:29  Marauder  
  189  12:30  Viking x2  
  189  12:31  Marauder, Terran Vehicle And Ship Armor Level 1, Marine  
  189  12:36  Marauder, Siege Tank  
  191  12:37  Terran Infantry Weapons Level 3, Terran Infantry Armor Level 3  
  191  12:41  Marine x2  
  191  12:42  Marine  
  191  12:43  Orbital Command  
  191  12:44  Planetary Fortress  
  179  12:47  Marine x2  
  179  12:49  Marauder  
  179  12:50  Marauder  
  185  12:56  Viking x2  
  185  13:07  Viking x2  
  185  13:09  Marauder x2  
  185  13:10  Marauder, Marine x2  
  195  13:14  Marauder  
  195  13:15  Marine x2  
  195  13:16  Marauder, Marine x2  
  195  13:19  Siege Tank  
  197  13:26  Viking  
  191  13:32  Marauder  
  162  13:35  Viking  
  162  13:37  Viking  
  162  13:40  Marauder x2, Marine x4  
  163  13:43  Marauder  
  163  13:45  Marauder, Marine  
  158  13:50  Marine  
  158  13:51  Viking, Siege Tank  
  158  13:53  Marine  
  141  13:57  Liberator  
  141  14:01  Marauder  
  144  14:05  Liberator  
  144  14:07  Liberator  
  144  14:08  Marauder  
  150  14:12  Marauder, Marine x4  
  150  14:13  Marine  
  155  14:18  Marauder, Marine x2  
  155  14:23  Marauder  
  160  14:26  Liberator  
  160  14:29  Marine x2  
  165  14:34  Marauder  
  165  14:36  Marauder, Marine  
  170  14:40  Medivac  
  169  14:47  Marauder  
  169  14:48  Orbital Command, Liberator  
  169  14:49  Marauder  
  169  14:52  Liberator  
  172  14:58  Marine  
  172  14:59  Marauder  
  166  15:04  SCV, Marine  
  159  15:17  Siege Tank  
  159  15:21  Liberator  
  164  15:32  Viking  
  164  15:35  SCV x2  
  161  15:40  Liberator  
  160  15:45  Liberator  
  160  15:46  SCV  
  160  15:49  Siege Tank  
  167  15:52  Orbital Command  
  167  15:53  SCV x2  
  167  15:57  SCV  
  170  15:58  SCV  
  170  16:02  Liberator  
  170  16:03  SCV, Medivac  
  170  16:04  SCV  
  178  16:06  Terran Vehicle And Ship Armor Level 2  
  171  16:11  SCV  
  171  16:12  SCV  
  171  16:15  Orbital Command  
  171  16:16  SCV  
  175  16:18  SCV  
  175  16:19  Marine  
  175  16:23  Viking  
  175  16:24  SCV  
  176  16:26  SCV  
  176  16:29  SCV x2  
  176  16:31  Viking  
  181  16:34  SCV x2  
  181  16:38  Viking  
  182  16:42  SCV x2  
  182  16:45  Medivac  
  182  16:47  Fusion Core  
  186  16:50  SCV  
  186  16:52  Marauder, Marine  
  190  16:58  Starport  
  190  17:00  Terran Ship Weapons Level 1  
  190  17:02  Viking, SCV x2  
  190  17:04  SCV  
  190  17:06  SCV  
  190  17:07  SCV, Missile Turret  
  197  17:12  Viking  
  197  17:13  Marine  
  196  17:31  Refinery x2  
  196  17:33  Command Center  
  196  17:35  Refinery x2  
  196  17:36  Missile Turret, Command Center  
  196  17:37  Viking x2, Missile Turret  
  196  17:43  Advanced Ballistics, Starport Reactor x2  
  198  18:15  Viking x2  
  198  18:25  Terran Vehicle And Ship Armor Level 3  
  197  18:29  Refinery  
  196  18:36  Siege Tank  
  199  18:42  Refinery  
  199  18:44  Refinery  
  199  18:45  Command Center, Sensor Tower  
  199  18:47  Missile Turret  
  197  19:03  Viking  
  197  19:06  Viking x3  
  197  19:09  Viking x3  
  188  19:10  Siege Tank  
  188  19:27  Starport  
  188  19:28  Starport  
  188  19:29  Orbital Command  
  188  19:33  Liberator  
  191  19:39  Liberator x2  
  191  19:41  Terran Ship Weapons Level 2  
  197  19:54  Starport Reactor  
  197  19:57  Liberator  
  200  20:18  Planetary Fortress  
  200  20:25  Liberator x3  
  177  20:30  Viking  
  177  20:32  Siege Tank  
  177  20:33  Liberator  
  177  20:34  Liberator  
  180  20:39  Marine  
  180  20:40  Marauder  
  183  20:44  Liberator x2  
  183  20:46  Liberator  
  194  20:53  Orbital Command  
  193  20:59  Liberator  
  190  21:04  Cyclone  
  190  21:08  Liberator x2  
  199  21:12  Marine  
  197  21:21  Liberator x2  
  200  21:39  Liberator  
  196  21:45  SCV  
  198  21:51  Liberator  
  198  21:53  Liberator  
  195  22:01  Liberator x2  
  187  22:02  Marauder, Marine x3  
  187  22:03  Marauder  
  200  22:25  Refinery  
  200  22:42  Liberator  
  190  22:44  Refinery  
  190  22:45  Liberator x2  
  190  22:46  Marauder x2, Marine x3  
  190  22:47  Marine x3, Siege Tank  
  190  22:48  Marauder x2, Marine  
  190  22:50  Liberator x2  
  178  22:58  Orbital Command  
  176  22:59  Missile Turret, Sensor Tower  
  176  23:02  Command Center  
  176  23:03  Marine x2  
  176  23:04  Marine  
  176  23:05  Marine x3  
  175  23:06  Marauder  
  175  23:07  Marauder x2, Liberator x2  
  175  23:08  SCV x2  
  175  23:09  Marauder, Marine  
  186  23:19  Siege Tank  
  189  23:21  Marine x3  
  189  23:23  Marine  
  193  23:27  Marauder x2  
  193  23:29  Marauder  
  199  23:57  Marine  
  200  24:08  Marauder, Marine  
Tags
 
Add a new tag
Caveats
  • Supply blocks, unpowered buildings, or Contaminate may cause inaccurate times.
  • Supply counts are checked every 10 seconds.